 Dungeon Crawl Stone Soup version 0.27-a0-590-g94244163b4 (webtiles) character file.

Game seed: 10716657957201216300

160 tilp the Insei (level 5, 0/36 HPs)
             Began as an Octopode Transmuter on Mar 10, 2021.
             Slain by an orc
             ... wielding a +0 trident
              (9 damage)
             ... on level 3 of the Dungeon.
             The game lasted 00:04:24 (3399 turns).

tilp the Insei (Octopode Transmuter)                Turns: 3399, Time: 00:04:24

Health: 0/36       AC:  1    Str: 10    XL:     5   Next: 41%
Magic:  6/8        EV: 13    Int: 22    God:
Gold:   93         SH:  0    Dex: 12    Spells: 5/8 levels left

rFire    . . .     SeeInvis .     - Unarmed
rCold    . . .     Faith    .   (no shield)
rNeg     . . .     Spirit   .   (helmet currently unavailable)
rPois    .         Reflect  .   (no amulet)
rElec    .         Harm     .   a - ring of flight
rCorr    .         Rampage  .   h - +6 ring of intelligence
Will     .....                  (no ring)
Stlth    +++.......             (no ring)
HPRegen  0.12/turn              (no ring)
MPRegen  0.11/turn              (no ring)
                                (no ring)
                                (no ring)

@: appendages (expiring), wereblooded
A: almost no armour, amphibious, 8 rings, tentacle spike 3, camouflage 1,
gelatinous body 1, nimble swimmer 1, tentacles
a: End Transformation, Evoke Flight


You were on level 3 of the Dungeon.
One of your tentacles had a temporary spike.
You visited 1 branch of the dungeon, and saw 3 of its levels.

You collected 93 gold pieces.

Inventory:

Missiles
 f - 57 stones (quivered)
Armour
 l - a +0 buckler
Jewellery
 a - a ring of flight (left tentacle)
 h - a +6 ring of intelligence (right tentacle)
Scrolls
 e - a scroll of fear {unknown}
 g - 4 scrolls of teleportation
 i - a scroll of blinking {unknown}
 k - 3 scrolls of magic mapping
Potions
 b - a potion of magic
 c - a potion of mutation {unknown}
 d - a potion of haste


   Skills:
 + Level 2.9 Fighting
 - Level 2.0 Dodging
 - Level 4.0 Stealth
 + Level 0.5 Shields
 + Level 4.1 Unarmed Combat
 - Level 2.0 Spellcasting
 - Level 2.0 Transmutations


You had 5 spell levels left.
You knew the following spells:

 Your Spells              Type           Power      Damage    Failure   Level
a - Beastly Appendage     Tmut           22%        N/A       6%          1
b - Wereblood             Tmut           11%        N/A       9%          2

Your spell library contained the following spells:

 Spells                   Type           Power      Damage    Failure   Level
 Spider Form              Tmut/Pois      3%         N/A       26%         3
 Ice Form                 Ice/Tmut       6%         N/A       65%         4
 Blade Hands              Tmut           5%         N/A       86%         5


Dungeon Overview and Level Annotations

Branches:
Dungeon (3/15)

Altars:
Gozag
Hepliaklqana
Qazlal
The Shining One


Innate Abilities, Weirdness & Mutations

You cannot wear most types of armour.
You are amphibious.
You can wear up to eight rings at the same time.
Your skin changes colour to match your surroundings (Stealth+).
Your rubbery body absorbs attacks. (AC +1, EV +1)
You are stealthy while swimming. (Stealth+)
You have tentacles for arms and can constrict up to eight enemies at once.
One of your tentacles bears a large vicious spike.


Message History

Natasha hisses angrily.
The orc shouts! x2
Your grab misses the orc.
You pierce the orc.
The orc is moderately wounded.
The orc hits you but does no damage.
You barely miss the orc. You grab the orc.
Your tentacle spike misses the orc.
The orc is moderately wounded.
You constrict the orc. The orc misses you.
You bludgeon the orc!
You kill the orc!
Natasha casts a spell at you. The magic dart hits you!
You miss Natasha. Your grab misses Natasha.
You pierce Natasha.
Natasha is lightly wounded.
Your transformation is almost over.
You tentacle-slap Natasha but do no damage.
You grab Natasha.
You pierce Natasha.
Natasha is moderately wounded.
You constrict Natasha.
Natasha stares at you and mumbles some strange words.
The magic dart hits you! The orc hits you with a +0 flail.
* * * LOW HITPOINT WARNING * * *
You tentacle-slap Natasha.
Natasha is moderately wounded.
You constrict Natasha, but do no damage.
Natasha misses you. The orc hits you with a +0 flail.
* * * LOW HITPOINT WARNING * * *
Unknown command.
You tentacle-slap Natasha.
You pierce Natasha.
You squeeze Natasha.
You kill Natasha!
Natasha screams in fury as she dies!
Unknown command.
You closely miss the orc. Your grab misses the orc.
Your tentacle spike misses the orc.
You squeeze the orc.
The orc is heavily wounded.
The orc closely misses you. The orc hits you with a +0 dagger.
* * * LOW HITPOINT WARNING * * *
Unknown command.
You feel better. The orc barely misses you.
The orc hits you from afar with a +0 trident!
You die...

..#####.#.###.
............##
#..#####.###.##
####..# #.#.....
..##..# #.#.#.##
#o##..# #...#.##
#o##..# #.#.#.#.
#o##..# #.#....#
#@##.=#####.......
#.###o##........[.#...
#........#############
#####.#### ...# #####


You could see 4 orcs.

Vanquished Creatures
  Natasha (D:3)
  Robin (D:3)
  5 adders
  2 oozes
  3 worms
  A dart slug (D:2)
  A leopard gecko (D:1)
  An orc (D:3)
  5 bats
  4 giant cockroaches
  14 goblins
  10 hobgoblins
  2 quokkas
  A ball python (D:2)
  3 kobolds
  5 rats
59 creatures vanquished.

Vanquished Creatures (others)
  A plant (D:2)
1 creature vanquished.

Grand Total: 60 creatures vanquished

Notes
Turn   | Place    | Note
-------+----------+-------------------------------------------
     0 | D:1      | tilp the Octopode Transmuter began the quest for the Orb.
     0 | D:1      | Reached XP level 1. HP: 13/13 MP: 3/3
   183 | D:1      | Reached skill level 1 in Stealth
   597 | D:1      | Reached XP level 2. HP: 17/18 MP: 5/5
   600 | D:1      | Learned a level 2 spell: Wereblood
  1605 | D:2      | Reached XP level 3. HP: 23/23 MP: 6/6
  1821 | D:2      | Reached XP level 4. HP: 29/29 MP: 5/7
  1872 | D:2      | Found a hazy altar of Hepliaklqana.
  1928 | D:2      | Found an opulent altar of Gozag.
  1928 | D:2      | Found a glowing golden altar of the Shining One.
  3108 | D:3      | Noticed Robin
  3134 | D:3      | Reached XP level 5. HP: 23/35 MP: 6/8
  3140 | D:3      | Killed Robin
  3321 | D:3      | Found a stormy altar of Qazlal.
  3388 | D:3      | Noticed Natasha
  3397 | D:3      | Killed Natasha
  3399 | D:3      | Slain by an orc

Illustrated notes

Levels and vault maps discovered:
D:1:      roderic_octagonal_star, layout_basic
D:2:      layout_basic, chequers_temple_overflow_statue_of_worship,
          nicolae_hepliaklqana_hazy_memory, minmay_split_cup_large
D:3:      layout_loops_ring, grunt_qazlal_clouds, ashenzari_conservatory_becter,
          uniq_grinder, uniq_robin, uniq_natasha

Skill      XL: |  1  2  3  4  5 |
---------------+----------------+-----
Stealth        | 2 4 |  4.0
Fighting       | 2 |  2.9
Unarmed Combat | 4 |  4.1
Dodging        | |  2.0
Shields        | |  0.5
Spellcasting   | |  2.0
Transmutations | |  2.0

Action                   |  1- 3 |  4- 6 || total
-------------------------+-------+-------++-------
Melee: Unarmed           |    63 |    91 ||   154
       Constrict         |    13 |    25 ||    38
       Tentacles         |    10 |    11 ||    21
       Kick              |     4 |    16 ||    20
       Punch             |     1 |     3 ||     4
Throw: Stone             |     3 |    18 ||    21
 Cast: Beastly Appendage |     5 |     8 ||    13
       Wereblood         |     1 |     4 ||     5
  Use: Scroll            |       |     5 ||     5
       Potion            |       |     1 ||     1
 Stab: Sleeping          |     5 |     4 ||     9
Armor: Skin              |     4 |     4 ||     8
Dodge: Dodged            |    35 |    45 ||    80

Table legend: (Time is in decaauts)
 A = Elapsed time spent in this place.
 B = Non-inter-level travel time spent in this place.
 C = Inter-level travel time spent in this place.
 D = Time resting spent in this place.
 E = Time spent auto-exploring this place.
 F = Levels seen in this place.
 G = Mean time per level.
                   A        B        C        D        E       F      G
               +--------+--------+--------+--------+--------+-----+--------+
         Total |   3389 |   3350 |     39 |    620 |   2239 |   3 | 1129.7 |
       Dungeon |   3389 |   3350 |     39 |    620 |   2239 |   3 | 1129.7 |
               +--------+--------+--------+--------+--------+-----+--------+

Top non-repeatable levels by time:
     D:1: 1579 daAuts
     D:2: 1142 daAuts
     D:3: 668 daAuts
